 Dungeon Crawl Stone Soup version 0.32-a0-913-g739538a (webtiles) character file.

Game seed: 9592049216937555866

4 piuy the Trooper (level 1, 19/19 HPs)
             Began as a Ghoul Fighter on Apr 7, 2024.
             Was a Follower of Sif Muna.
             Safely got out of the dungeon.
             The game lasted 00:00:24 (213 turns).

piuy the Trooper (Ghoul Fighter)                     Turns: 213, Time: 00:00:25

Health: 19/19      AC:  6    Str: 19    XL:     1   Next: 60%
Magic:  1/1        EV:  8    Int:  7    God:    Sif Muna [*.....]
Gold:   37         SH:  3    Dex:  8    Spells: 0/0 levels left

rFire   . .          .
                       - Unarmed
rCold   + . .        b - +0 buckler
rNeg    + + +        a - +0 scale mail
rPois   ∞            (no helmet)
rElec   .            (no cloak)
rCorr   .            (no gloves)
SInv    .            (no boots)
Will    .....        (no amulet) Stlth
                     (no ring)
HPRegen 0.23/turn    (no ring)
MPRegen 0.07/turn

%: no passive effects
@: no status effects
A: claws 1, cold resistance 1, negative energy resistance 3, inhibited
regeneration, torment resistance 2, devour on kill
a: Renounce Religion, Channel Magic


You escaped.
You worshipped Sif Muna.
Sif Muna was aware of your devotion.
You visited 1 branch of the dungeon, and saw 1 of its levels.

You collected 37 gold pieces.

Inventory:

Armour
 a - a +0 scale mail (worn)
 b - a +0 buckler (worn)
Scrolls
 d - a scroll of fog {unknown}
Potions
 c - a potion of might


   Skills:
 - Level 3.2 Fighting
 - Level 2.6 Armour
 - Level 2.6 Shields
 + Level 2.6 Unarmed Combat


You couldn't memorise any spells.
You didn't know any spells.
Your spell library contained the following spells:

 Spells                   Type           Power      Damage    Failure   Level
 Static Discharge         Conj/Air       0%         3-3/arc   95%         2
 Airstrike                Air            0%         2d(0-16)  100%        4
 Summon Lightning Spire   Summ/Air       0%         N/A       100%        4


Dungeon Overview and Level Annotations

Branches:
Dungeon (1/15)

Altars:
Sif Muna


Innate Abilities, Weirdness & Mutations

You are immune to poison.
You have sharp fingernails.
Your flesh is cold resistant. (rC+)
You are immune to negative energy. (rN+++)
You do not regenerate when monsters are visible.
You are immune to unholy pain and torment.
You thrive by killing the living.


Message History

You scratch the rat.
You kill the rat!
No target in view!
A goblin comes into view. It is wielding a +0 dagger.
Found a stone staircase leading down.
The goblin shouts!
A goblin is nearby!
A quokka comes into view.
The goblin barely misses you.
You scratch the goblin but do no damage.
You block the goblin's attack.
You claw the goblin!
You kill the goblin!
You see here a +0 dagger.
You scratch the quokka.
The quokka is moderately wounded.
The quokka bites you but does no damage.
You scratch the quokka.
You kill the quokka!
No target in view!
No target in view!
You now have 21 gold pieces (gained 7).
Found a faded altar of an unknown god.
You now have 37 gold pieces (gained 16).
There is a dry fountain here.
d - a scroll labelled UFOITUA QETRER
There is a faded altar of an unknown god here.
This altar belongs to (a) Ru, (b) Makhleb or (c) Sif Muna, but you can't tell which.
Press the corresponding letter to learn more about a god, or press enter to convert or escape to cancel.
Sif Muna accepts your prayer! Sif Muna welcomes you!
You can now call upon Sif Muna for magical energy.
You see here a rat corpse.
You see here a +0 hand axe.
There is an open door here.
There is an open door here.
There is an open door here.
There is a staircase leading out of the dungeon here.
Alright, then stay!
Unknown command.
You have escaped!

#.# #.# #.# #.# #+#
#.# #.# #.# ##'##
#.# ########...###
#.###
#..'.'.'.@.'.+
....#
#.######...###
###.####.###.###'##
# #.......##.# #.#
###.#####....# #+#
....# ######
#.........
#####.###. .#


There were no monsters in sight!

Vanquished Creatures
  A goblin (D:1)
  A quokka (D:1)
  2 rats (D:1)
4 creatures vanquished.

Notes
Turn   | Place    | Note
-------+----------+-------------------------------------------
     0 | D:1      | piuy the Ghoul Fighter began the quest for the Orb.
     0 | D:1      | Reached XP level 1. HP: 19/19 MP: 1/1
   133 | D:1      | Found a faded altar of an unknown god.
   141 | D:1      | Prayed at the altar of an unknown god.
   141 | D:1      | Became a worshipper of Sif Muna the Loreminder
   141 | D:1      | Reached * piety under Sif Muna
   213 | D:$      | Safely got out of the dungeon.

Illustrated notes

Levels and vault maps discovered:
D:1:      minmay_arrival_doors, layout_loops_ring,
          shapermc_ecumenical_altar_venn, chequers_serial_rivers_small_b,
          minmay_split_cup_large

Action                     || total
---------------------------++-------
  Melee: Unarmed           ||     9
 Armour: Scale mail        ||     4
  Dodge: Dodged            ||     1
  Block: Buckler           ||     3

Table legend: (Time is in decaauts)
 A = Elapsed time spent in this place.
 B = Non-inter-level travel time spent in this place.
 C = Inter-level travel time spent in this place.
 D = Time resting spent in this place.
 E = Time spent auto-exploring this place.
 F = Levels seen in this place.
 G = Mean time per level.
                   A        B        C        D        E       F      G
               +--------+--------+--------+--------+--------+-----+--------+
         Total |    213 |    143 |     70 |      0 |    113 |   1 |  213.0 |
       Dungeon |    213 |    143 |     70 |      0 |    113 |   1 |  213.0 |
               +--------+--------+--------+--------+--------+-----+--------+

Top non-repeatable levels by time:
     D:1: 213 daAuts
